 Dungeon Crawl Stone Soup version 0.29-a0-541-gaf1fc19f1b (webtiles) character file.

Game seed: 8455461725086990213

25 grumblor the Skirmisher (level 2, 0/24 HPs)
             Began as a Mummy Fighter on June 3, 2022.
             Slain by a hobgoblin (3 damage)
             ... on level 1 of the Dungeon.
             The game lasted 00:01:49 (588 turns).

grumblor the Skirmisher (Mummy Fighter)              Turns: 588, Time: 00:01:50

Health: 0/24       AC:  6    Str: 19    XL:     2   Next: 86%
Magic:  2/2        EV:  9    Int:  7    God:
Gold:   999        SH:  4    Dex: 11    Spells: 1/1 levels left

rFire   x . .      SeeInvis .   f - +2 hand axe (elec)
rCold   + + .      Faith    .   c - +0 buckler
rNeg    + + +      Spirit   .   b - +0 scale mail
rPois   ∞          Reflect  .   (no helmet)
rElec   .          Harm     .   (no cloak)
rCorr   .          Rampage  .   (no gloves)
Will    .....                   (no boots)
Stlth   ..........              (no amulet)
HPRegen 0.08/turn               h - ring of protection from cold
MPRegen 0.08/turn               (no ring)

@: no status effects
A: cold resistance 1, negative energy resistance 3, torment resistance 2, heat
vulnerability 1, no potions
a: no special abilities


You were on level 1 of the Dungeon.
You visited 1 branch of the dungeon, and saw 1 of its levels.

You collected 999 gold pieces.

Inventory:

Hand Weapons
 a - a +0 war axe
 f - a +2 hand axe of electrocution (weapon)
Missiles
 e - 5 poisoned darts (quivered)
Armour
 b - a +0 scale mail (worn)
 c - a +0 buckler (worn)
Jewellery
 h - a ring of protection from cold (left hand)


   Skills:
 * Level 3.3 Fighting
 + Level 1.9 Axes
 * Level 0.2 Throwing
 + Level 2.6 Armour
 * Level 0.4 Dodging
 + Level 2.5 Shields


You had one spell level left.
You didn't know any spells.
Your spell library was empty.

Dungeon Overview and Level Annotations

Branches:
Dungeon (1/15)

Altars:

Shops:
D:1 [


Innate Abilities, Weirdness & Mutations

You are immune to poison.
Your flesh is cold resistant. (rC+)
You are immune to negative energy. (rN+++)
You are immune to unholy pain and torment.
You are vulnerable to heat. (rF-)
You do not drink.


Message History

An endoplasm comes into view.
The endoplasm quivers.
A goblin comes into view. It is wielding a +0 dagger.
A hobgoblin comes into view.
You see here a +0 club.
Found 2 throwing nets.
The goblin shouts!
A quokka comes into view.
A rat and an endoplasm come into view.
The endoplasm quivers.
The kobold hits you with a +0 short sword.
You closely miss the kobold.
The kobold hits you with a +0 short sword.
You miss the kobold. You block the kobold's attack.
You hit the endoplasm.
The endoplasm is almost dead.
You hit the hobgoblin. You barely miss the goblin. You closely miss the kobold.
The goblin hits you with a +0 dagger. The endoplasm hits you.
The hobgoblin hits you. The kobold barely misses you.
The kobold hits you but does no damage. The hobgoblin hits you.
The goblin barely misses you. The endoplasm freezes you.
You are frozen.
You resist.
Unknown command.
The kobold attacks as you move away!
The kobold hits you with a +0 short sword.
* * * LOW HITPOINT WARNING * * *
The goblin attacks as you move away! The goblin hits you but does no damage.
The endoplasm attacks as you move away!
The endoplasm hits you but does no damage.
You see here a +0 club.
As you read the scroll labelled PYUHUDU XINANG, it crumbles to dust.
You feel aware of your surroundings.
It was a scroll of magic mapping.
The goblin hits you with a +0 dagger.
* * * LOW HITPOINT WARNING * * *
The endoplasm freezes you.
You are frozen.
You resist.
* * * LOW HITPOINT WARNING * * *
The kobold hits you but does no damage. The hobgoblin hits you.
You die...

*#.##..##..##..#
#..##..##..##..#
#.....#..#.....########
#....#....#...÷........
#...#..##..#...........
##..#...##...#..###.....
#..#..........#.# #####†
#.........###...# #.
#.....J@>.# ##### #.
#.....Kgg.# ## #...[rJr..# #
##.......## **##########
*****#.........#**,....#.....
*,,............#*,,..........
*,*###.........#,,,..........
*,,,...........#,,,.........#
*,,###.###(.....,,,.......†##


You could see 2 endoplasms, a quokka, a hobgoblin, a goblin, a kobold and a rat.

Vanquished Creatures
  3 endoplasms (D:1)
  7 jackals (D:1)
  3 quokkas (D:1)
  3 frilled lizards (D:1)
  4 goblins (D:1)
  A rat (D:1)
21 creatures vanquished.

Notes
Turn   | Place    | Note
-------+----------+-------------------------------------------
     0 | D:1      | grumblor the Mummy Fighter began the quest for the Orb.
     0 | D:1      | Reached XP level 1. HP: 18/18 MP: 1/1
    50 | D:1      | Found Untun's Antique Armour Shoppe.
   106 | D:1      | Reached XP level 2. HP: 19/24 MP: 2/2
   300 | D:1      | Found a faded altar of an unknown god.
   570 | D:1      | Identified a scroll of acquirement
   570 | D:1      | Acquired 972 gold pieces
   588 | D:1      | Slain by a hobgoblin

Illustrated notes

Levels and vault maps discovered:
D:1:      ncdulo_smallfort, layout_rooms, serial_shops,
          nicolae_shop_overgrown_old_shop, hellmonk_ecumenical_altar_crossroads,
          st_stairs_3, minivault_26

Action                   || total
-------------------------++-------
Melee: War axe           ||    55
       Hand axe          ||     4
  Use: Scroll            ||     2
Armor: Scale mail        ||    41
Dodge: Dodged            ||    54
Block: Buckler           ||    15

Table legend: (Time is in decaauts)
 A = Elapsed time spent in this place.
 B = Non-inter-level travel time spent in this place.
 C = Inter-level travel time spent in this place.
 D = Time resting spent in this place.
 E = Time spent auto-exploring this place.
 F = Levels seen in this place.
 G = Mean time per level.
                   A        B        C        D        E       F      G
               +--------+--------+--------+--------+--------+-----+--------+
         Total |    613 |    613 |      0 |    288 |    168 |   1 |  613.0 |
       Dungeon |    613 |    613 |      0 |    288 |    168 |   1 |  613.0 |
               +--------+--------+--------+--------+--------+-----+--------+

Top non-repeatable levels by time:
     D:1: 613 daAuts
